 Dungeon Crawl Stone Soup version 0.28-a0-1190-g77e1c55843 (webtiles) character file.

Game seed: 2398310436477272876

126 bearlyready the Tainter (level 4, -1/33 HPs)
             Began as a Draconian Venom Mage on Dec 19, 2021.
             Succumbed to an adder's poison
             ... on level 3 of the Dungeon.
             The game lasted 00:02:33 (2207 turns).

bearlyready the Tainter (Draconian Venom Mage)      Turns: 2207, Time: 00:02:34

Health: -1/33      AC:  8    Str:  9 (11) XL:     4   Next: 84%
Magic:  7/7        EV:  9    Int: 14 (17) God:
Gold:   88         SH:  0    Dex: 10 (11) Spells: 6/7 levels left

rFire   . . .      SeeInvis .   a - +0 dagger
rCold   . . .      Faith    .   (no shield)
rNeg    . . .      Spirit   .   (armour unavailable)
rPois   .          Reflect  .   (helmet restricted)
rElec   .          Harm     .   (no cloak)
rCorr   .          Rampage  .   g - +2 pair of gloves
Will    .....                   (no boots)
Stlth   ++........              (no amulet)
HPRegen 0.11/turn               (no ring)
MPRegen 0.10/turn               (no ring)

@: lethally poisoned (-1 -> -13), about to teleport, constricted
A: AC +5, unfitting armour, cold-blooded
a: no special abilities


You were on level 3 of the Dungeon.
You visited 1 branch of the dungeon, and saw 3 of its levels.

You collected 88 gold pieces.

Inventory:

Hand Weapons
 a - a +0 dagger (weapon)
Armour
 g - a +2 pair of gloves (worn)
Scrolls
 f - 2 scrolls of identify {unknown}


   Skills:
 - Level 1.7 Dodging
 - Level 1.7 Stealth
 - Level 2.0 Spellcasting
 - Level 1.0 Transmutations
 + Level 11.4 Poison Magic


You had 6 spell levels left.
You knew the following spells:

 Your Spells              Type           Power      Damage    Failure   Level
a - Sting                 Tmut/Pois      72%        1d6       1%          1

Your spell library contained the following spells:

 Spells                   Type           Power      Damage    Failure   Level
 Olgreb's Toxic Radiance  Pois           33%        N/A       2%          4
 Poisonous Vapours        Pois/Air       34%        N/A       3%          2
 Mephitic Cloud           Conj/Pois/Air  12%        N/A       16%         3


Dungeon Overview and Level Annotations

Branches:
Dungeon (3/15)

Altars:


Innate Abilities, Weirdness & Mutations

Your plain brown scales are hard. (AC +5)
You cannot fit into any form of body armour.
You are cold-blooded and may be slowed by cold attacks.


Message History

The adder poisons you!
You hit the adder.
The adder is almost dead.
You feel sick. The adder misses you. x2
You feel sick.
The orc throws a boomerang.
The boomerang barely misses you. The adder bites you.
You are more poisoned.
The adder poisons you!
It was a potion of experience.
You feel more experienced!
Your Poison Magic skill gained 7 levels and is now at level 11!
You have reached level 4!
You feel stronger.
You feel sick. The adder bites you but does no damage.
The adder closely misses you. The ball python bites you.
The ball python barely misses you.
It was a potion of degeneration.
There was something very wrong with that liquid.
You feel weakened.
You feel dopey.
You feel clumsy.
You feel sick. The adder bites you but does no damage. The adder bites you.
You are more poisoned.
The adder poisons you!
The ball python bites you but does no damage.
The ball python grabs you. The ball python constricts you. The adder bites you.
* * * LOW HITPOINT WARNING * * *
As you read the scroll labelled REETEJ VEFI, it crumbles to dust.
You feel strangely unstable.
It was a scroll of teleportation.
* * * LOW HITPOINT WARNING * * *
You feel sick. The adder bites you.
* * * LOW HITPOINT WARNING * * *
The orc hits you but does no damage.
The ball python bites you but does no damage.
The ball python constricts you. The adder bites you.
* * * LOW HITPOINT WARNING * * *
You are more poisoned.
The adder poisons you! The adder misses you.
As you read the scroll labelled NUNOD SOSEE, it crumbles to dust.
You feel aware of your surroundings.
You sensed 1 altar.
It was a scroll of magic mapping.
You die...

,,,,,,,,,,***,,,,,,* *,,,,,,*,
,,,,,****,,,*,****,* ******,*,
**,,,,,,,,,,,,,,,*,* *,,,
**,,,,,,,,,,,***,*,* *******,
*****,,,,,,,,,,,,,,*******,,,,,**
* ***,,,,,,,,,,,,+,,,,,,,,,,,,,
** *,*,,,,,>,,,,**,,,#*,***,,,
,******.#.####+#+####...#*,*,,*,,
,+,,,,,.......<.@S)......,,,,,,,>
,*****,...##...oSS####+##,***,*,,
,,,,,,,,,,++..)...+,,,,,,,,,,,,,,
,*****,,,,*#......#***,**,***,**,
,* *,,,,*#........,,,**,***,**,
,* *,,,,*#..........,,*,,,,,*,,
,* *,,,,*#......####*,*******,,
,* *,,,,*#####...,,,*,* *,,,,, ,*
****** *####*,*,* *,****


You could see 2 adders, an orc and a ball python.

Vanquished Creatures
  An adder (D:2)
  2 dart slugs (D:1)
  6 bats
  2 endoplasms
  3 giant cockroaches
  6 goblins
  3 hobgoblins
  2 jackals (D:1)
  3 quokkas
  5 ball pythons
  4 frilled lizards
  4 kobolds
  5 rats
46 creatures vanquished.

Notes
Turn   | Place    | Note
-------+----------+-------------------------------------------
     0 | D:1      | bearlyready the Draconian Venom Mage began the quest for
                  | the Orb.
     0 | D:1      | Reached XP level 1. HP: 14/14 MP: 3/3
   140 | D:1      | Found a faded altar of an unknown god.
   144 | D:1      | Reached XP level 2. HP: 20/20 MP: 1/5
   621 | D:1      | Reached skill level 4 in Poison Magic
   831 | D:1      | Reached XP level 3. HP: 25/26 MP: 0/6
  2204 | D:3      | Reached skill level 11 in Poison Magic
  2204 | D:3      | Reached XP level 4. HP: 19/33 MP: 7/7
  2207 | D:3      | Succumbed to an adder's poison

Illustrated notes

Levels and vault maps discovered:
D:1:      lightli_arrival_boilingwater, layout_loops_ring,
          ebering_ecumenical_altar_sacrificial, st_stairs_4
D:2:      layout_loops_corners
D:3:      lemuel_castle_with_subvaults [lemuel_castle_interior_carwin_1],
          layout_basic, lemuel_zombie_altar_yredelemnul

Skill      XL: |  1  2  3 |
---------------+----------+-----
Poison Magic   | 4 11 | 11.4
Dodging        | |  1.7
Stealth        | |  1.7
Spellcasting   | |  2.0
Transmutations | |  1.0

Action                   |  1- 3 |  4- 6 || total
-------------------------+-------+-------++-------
Melee: Unarmed           |    11 |       ||    11
       Dagger            |   137 |       ||   137
       Tailslap          |    15 |       ||    15
 Cast: Sting             |    20 |       ||    20
  Use: Potion            |     1 |     1 ||     2
       Scroll            |       |     2 ||     2
 Stab: Sleeping          |     9 |       ||     9
Armor: Skin              |    53 |     5 ||    58
Dodge: Dodged            |    94 |     3 ||    97

Table legend: (Time is in decaauts)
 A = Elapsed time spent in this place.
 B = Non-inter-level travel time spent in this place.
 C = Inter-level travel time spent in this place.
 D = Time resting spent in this place.
 E = Time spent auto-exploring this place.
 F = Levels seen in this place.
 G = Mean time per level.
                   A        B        C        D        E       F      G
               +--------+--------+--------+--------+--------+-----+--------+
         Total |   2208 |   2123 |     85 |      0 |   1768 |   3 |  736.0 |
       Dungeon |   2208 |   2123 |     85 |      0 |   1768 |   3 |  736.0 |
               +--------+--------+--------+--------+--------+-----+--------+

Top non-repeatable levels by time:
     D:1: 1300 daAuts
     D:2: 890 daAuts
     D:3: 16 daAuts
